 Dungeon Crawl Stone Soup version 0.19-a0-82-gd3566c2 (webtiles) character file.

13967 Duffy the Basher (level 12, -51/67 HPs)
             Began as a Vine Stalker Fighter on May 16, 2016.
             Was a Believer of Cheibriados.
             Annihilated by a titanic slime creature (69 damage)
             ... on level 12 of the Dungeon.
             The game lasted 00:18:42 (10165 turns).

Duffy the Basher (Vine Stalker Fighter)            Turns: 10165, Time: 00:18:43

Health: -51/67     AC: 22    Str: 30    XL:     12   Next: 11%
Magic:  0/13       EV:  6    Int: 15    God:    Cheibriados [**....]
Gold:   601        SH: 12    Dex: 19    Spells: 2 memorised, 7 levels left

rFire  . . .     SeeInvis .     a - +1 whip (elec)
rCold  . . .     Gourm    .     F - +0 plate armour
rNeg   . . .     Faith    .     c - +0 shield
rPois  .         Spirit   +     (no helmet)
rElec  .         Dismiss  .     O - +2 cloak {MR+}
rCorr  .         Reflect  .     P - +2 pair of gloves {Str+3}
SustAt .         Harm     .     j - +0 pair of boots
MR     +++..                    (no amulet)
Stlth  ..........               N - ring of protection from magic
                                l - +5 ring of slaying

@: about to teleport, very slow, extremely resistant to hostile enchantments,
extremely unstealthy
A: fangs 3, regeneration 3, magic shield, antimagic bite, no device heal 3, rot
immunity
a: Bend Time, Renounce Religion


You were on level 12 of the Dungeon.
You worshipped Cheibriados.
Cheibriados was pleased with you.
You were not hungry.

You visited 2 branches of the dungeon, and saw 13 of its levels.
You also visited: Ossuary.

You collected 727 gold pieces.
You spent 126 gold pieces at shops.


Innate Abilities, Weirdness & Mutations

You have razor-sharp teeth.
You regenerate.
When hurt, damage is shared between your health and your magic reserves.
Your bite disrupts and absorbs the magic of your enemies.
Potions and wands cannot restore your health.
You are immune to rotting.


   Skills:
 - Level 10.0 Fighting
 + Level 10.5 Maces & Flails
 + Level 8.6 Armour
 - Level 6.6 Shields


You had 7 spell levels left.
You knew the following spells:

 Your Spells              Type           Power        Failure   Level  Hunger
a - Blink                 Tloc           N/A          100%        2    ###....
b - Repel Missiles        Chrm/Air       #.....       100%        2    ###....

Inventory:

Hand Weapons
 a - a +1 whip of electrocution (weapon)
 b - a +0 blowgun
 G - a +1 whip of pain
Missiles
 k - 52 poisoned needles
 u - a throwing net (quivered)
 H - 6 curare-tipped needles
 M - 5 javelins of returning
Armour
 c - a +0 shield (worn)
 j - a +0 pair of boots (worn)
 F - a +0 plate armour (worn)
 O - a +2 cloak of magic resistance (worn)
 P - a +2 pair of gloves of strength (worn)
Jewellery
 l - a +5 ring of slaying (left hand)
 B - a +3 ring of dexterity
 N - a ring of protection from magic (right hand)
 S - an uncursed ring of positive energy
Wands
 m - a wand of slowing (15/48)
 q - a wand of slowing (29/48)
 J - a wand of iceblast (9/15)
 K - a wand of disintegration (14/24)
Scrolls
 e - a scroll of fear
 g - a scroll of enchant armour
 i - a scroll of identify
 s - 2 scrolls of blinking {unknown}
 w - a scroll of immolation {unknown}
 y - 4 scrolls of teleportation
 C - 4 scrolls of remove curse
 D - 2 scrolls of brand weapon {unknown}
 Q - 2 scrolls of magic mapping
 R - 2 scrolls of fog
 T - a scroll of recharging {unknown}
Potions
 d - 7 potions of might
 o - a potion of agility
 r - 4 potions of curing
 v - 2 potions of lignification
 z - 3 potions of magic
 E - 2 potions of flight
 L - 2 potions of cancellation
Comestibles
 f - 6 bread rations
 h - 3 chunks of flesh
 n - 8 beef jerkies
 t - 5 meat rations
 A - 10 slices of pizza

Dungeon Overview and Level Annotations

Branches:
Dungeon (12/15)            Temple (1/1) D:6            Lair (0/8) D:11
    Orc (0/2) D:9

Altars:
Ashenzari
Cheibriados
Dithmenos
Elyvilon
Fedhas
Gozag
Kikubaaqudgha
Makhleb
Nemelex Xobeh
Okawaru
Pakellas
Qazlal
Ru
Trog
Vehumet
Xom
Yredelemnul
Zin
The Shining One
Beogh
Lugonu

Shops:
D:7 *

Annotations:
D:7 Blork the orc


Message History

You see here 14 stones.
There is an open door here.
There is an open door here.
You open the door.
There is an open door here.
As you open the door, it creaks loudly!
You hear a shout!
A hill giant comes into view. It is wielding a giant club.
There is an open door here.
There is an open door here.
You hit the hill giant. You bite the hill giant! You drain its power.
The hill giant is moderately wounded.
The hill giant hits you with a giant club!
You hit the hill giant.
There is a sudden explosion of sparks!
You bite the hill giant! You drain its power.
You feel invigorated.
The hill giant is severely wounded.
You hit the hill giant.
You bite the hill giant, but do no damage.
The hill giant is severely wounded.
The hill giant hits you with a giant club!!
You hit the hill giant. You bite the hill giant! You drain its power.
You feel invigorated.
The hill giant is almost dead.
You whack the hill giant!
There is a sudden explosion of sparks!
You kill the hill giant!
Cheibriados appreciates the change of pace.
You see here a giant club.
As you open the door, it creaks loudly!
Found a meat ration.
A scorpion comes into view. 6 slime creatures come into view.
The slime creature quivers. x6
Two slime creatures merge to form a large slime creature.
There is an open door here.
You whack the large slime creature! You bite the large slime creature!
You drain its power.
The large slime creature is lightly wounded.
Two slime creatures merge to form a very large slime creature.
You block the scorpion's attack.
You whack the very large slime creature!
You bite the very large slime creature, but do no damage.
The very large slime creature is lightly wounded.
Two slime creatures merge to form an enormous slime creature.
Two slime creatures merge to form a titanic slime creature.
The titanic slime creature hits you!!!
Ouch! That really hurt!
Read which item? (? for menu, Esc to quit)
As you read the scroll of teleportation, it crumbles to dust.
You feel strangely unstable. The titanic slime creature hits you!!!!
Ouch! That really hurt!
You die...

###.#..#...##...#......#
#...........#...#......#
#...........#...#......#
#...........#...#......#
+...........#...#......#
#...........#...#......#
#....%.sJ...#...#......#
#J#######'#......##
###.@..##.........##.
#.........)'.........#..
#..........#.........#..
#..........#.........#..
#..........#.........#..
+..........#.........#..
#+####.#####.........###
#.#......####'###.. .
#......#......'..


You could see a titanic slime creature and a scorpion.

Action                   |  1- 3 |  4- 6 |  7- 9 | 10-12 || total
-------------------------+-------+-------+-------+-------++-------
Melee: Flail             |    90 |    86 |   177 |       ||   353
       Bite              |    17 |    20 |   115 |   171 ||   323
       Whip              |       |       |   120 |   468 ||   588
 Fire: Blowgun           |       |       |     1 |       ||     1
  Use: Scroll            |       |     3 |     8 |     9 ||    20
       Potion            |       |     1 |       |     1 ||     2
  Eat: Chunk             |     1 |     5 |    10 |    11 ||    27
       Fruit             |       |       |       |     6 ||     6
Armor: Scale mail        |    38 |    16 |       |       ||    54
       Chain mail        |       |    22 |    92 |   101 ||   215
       Skin              |       |     6 |       |       ||     6
       Plate armour      |       |       |     1 |    40 ||    41
Dodge: Dodged            |    27 |    19 |    33 |    67 ||   146
Block: Shield            |    53 |    34 |   110 |   185 ||   382

Notes
Turn   | Place    | Note
--------------------------------------------------------------
     0 | D:1      | Duffy the Vine Stalker Fighter began the quest for the Orb.
     0 | D:1      | Reached XP level 1. HP: 11/11 MP: 2/2
    60 | D:1      | Reached skill level 2 in Maces & Flails
    72 | D:1      | Reached skill level 3 in Shields
    72 | D:1      | Reached XP level 2. HP: 13/16 MP: 1/3
   317 | D:1      | Reached XP level 3. HP: 17/19 MP: 4/4
   731 | D:2      | Noticed Sigmund
  1156 | D:3      | Reached skill level 3 in Fighting
  1156 | D:3      | Reached XP level 4. HP: 23/24 MP: 5/5
  1215 | D:3      | Found a basalt altar of Yredelemnul.
  1232 | D:3      | Reached skill level 3 in Maces & Flails
  1276 | D:3      | Noticed Terence
  1287 | D:3      | Killed Terence
  1692 | D:3      | Reached XP level 5. HP: 28/28 MP: 4/6
  2208 | D:2      | Killed Sigmund
  2208 | D:2      | Reached skill level 5 in Shields
  2208 | D:2      | Gained mutation: You heal very quickly. [Vine Stalker growth]
  2208 | D:2      | Reached XP level 6. HP: 32/32 MP: 7/7
  2716 | D:4      | Noticed Duffy's ghost (amateur VSFi)
  2742 | D:4      | Killed Duffy's ghost
  2742 | D:4      | Reached XP level 7. HP: 27/37 MP: 4/8
  2835 | D:4      | Found a sand-covered staircase.
  2840 | Ossuary  | Entered an ossuary
  2850 | Ossuary  | Reached skill level 4 in Maces & Flails
  2862 | Ossuary  | Reached skill level 4 in Fighting
  2918 | Ossuary  | Reached skill level 6 in Shields
  2925 | Ossuary  | Gained mutation: You have razor-sharp teeth. [Vine Stalker growth]
  2925 | Ossuary  | Reached XP level 8. HP: 34/42 MP: 9/9
  2984 | Ossuary  | Reached skill level 5 in Maces & Flails
  2988 | Ossuary  | Reached skill level 5 in Fighting
  3187 | D:4      | Found a glowing golden altar of the Shining One.
  3233 | D:4      | Found a sacrificial altar of Ru.
  3233 | D:4      | Found a glowing silver altar of Zin.
  3911 | D:5      | Entered Level 5 of the Dungeon
  3992 | D:5      | Reached skill level 3 in Armour
  4080 | D:5      | Noticed Duvessa
  4080 | D:5      | Noticed Dowan
  4110 | D:5      | Killed Duvessa
  4110 | D:5      | Reached skill level 6 in Maces & Flails
  4110 | D:5      | Reached XP level 9. HP: 45/48 MP: 10/10
  4114 | D:5      | Killed Dowan
  4114 | D:5      | Reached skill level 6 in Fighting
  4691 | D:5      | Found a sacrificial altar of Ru.
  4713 | D:6      | Noticed Duffy's ghost (novice VSMo)
  4751 | D:6      | Killed Duffy's ghost
  4751 | D:6      | Reached skill level 4 in Armour
  4798 | D:6      | Found a staircase to the Ecumenical Temple.
  4816 | Temple   | Entered the Ecumenical Temple
  4894 | D:6      | Found a stormy altar of Qazlal.
  4928 | D:6      | Identified Sif Muna's Papyrus of Ashen Evil Arts (You found it on level 6 of the Dungeon)
  4930 | D:6      | Found a shimmering altar of Xom.
  4932 | D:6      | Found a shimmering altar of Xom.
  4933 | D:6      | Found a shimmering altar of Xom.
  4933 | D:6      | Found a shimmering altar of Xom.
  5011 | D:6      | Found an opulent altar of Gozag.
  5153 | D:6      | Reached skill level 7 in Fighting
  5159 | D:6      | Reached skill level 7 in Maces & Flails
  5614 | D:7      | Found Ufonocem's General Store.
  5651 | D:7      | Bought a scroll of teleportation for 36 gold pieces
  5651 | D:7      | Bought a scroll of magic mapping for 42 gold pieces
  5651 | D:7      | Bought a scroll of fog for 24 gold pieces
  5651 | D:7      | Bought a scroll of identify for 24 gold pieces
  5855 | D:7      | Reached skill level 5 in Armour
  5855 | D:7      | Reached XP level 10. HP: 50/55 MP: 11/11
  5876 | D:7      | Found a white marble altar of Elyvilon.
  5926 | D:7      | Noticed Blork the orc
  6022 | D:7      | Found a radiant altar of Vehumet.
  6613 | D:8      | Noticed Joseph
  6622 | D:8      | Noticed Psyche
  6642 | D:7      | Killed Joseph
  6659 | D:8      | Killed Psyche
  6659 | D:8      | Reached skill level 8 in Fighting
  6659 | D:8      | Reached skill level 8 in Maces & Flails
  6767 | D:8      | Reached skill level 6 in Armour
  6829 | D:8      | Noticed Erica
  6847 | D:8      | Killed Erica
  6897 | D:8      | Learned a level 2 spell: Blink
  6900 | D:8      | Learned a level 2 spell: Repel Missiles
  7149 | D:8      | Found a blossoming altar of Fedhas.
  7149 | D:8      | Found an ancient bone altar of Kikubaaqudgha.
  7284 | D:9      | Reached XP level 11. HP: 60/60 MP: 12/12
  7321 | D:9      | Reached skill level 9 in Maces & Flails
  7327 | D:9      | Found a staircase to the Orcish Mines.
  7345 | D:9      | Found a roughly hewn altar of Beogh.
  7355 | D:9      | Reached skill level 9 in Fighting
  7391 | D:9      | Found a shadowy altar of Dithmenos.
  7530 | D:9      | Noticed Maurice
  7555 | D:9      | Killed Maurice
  7555 | D:9      | Reached skill level 7 in Armour
  7853 | D:9      | Found a sparkling altar of Nemelex Xobeh.
  8203 | D:9      | Found an iron altar of Okawaru.
  8305 | D:9      | Found a snail-covered altar of Cheibriados.
  8316 | D:9      | Became a worshipper of Cheibriados the Contemplative
  8541 | D:10     | Entered Level 10 of the Dungeon
  9293 | D:11     | Reached * piety under Cheibriados
  9308 | D:11     | Noticed a death knight
  9317 | D:11     | Killed a death knight
  9360 | D:11     | Reached skill level 10 in Maces & Flails
  9405 | D:11     | Noticed a brown ugly thing
  9410 | D:11     | Killed a brown ugly thing
  9410 | D:11     | Reached skill level 10 in Fighting
  9435 | D:11     | Reached skill level 8 in Armour
  9727 | D:11     | Found a staircase to the Lair.
  9729 | D:11     | Reached ** piety under Cheibriados
  9988 | D:12     | Gained mutation: You regenerate. [Vine Stalker growth]
  9988 | D:12     | Reached XP level 12. HP: 63/67 MP: 13/13
 10165 | D:12     | Annihilated by a titanic slime creature

Skill      XL: |  1  2  3  4  5  6  7  8  9 10 11 |
---------------+----------------------------------+-----
Maces & Flails | 2 3 4 6 7 8 10 | 10.5
Shields        | 3 5 6 |  6.6
Fighting       | 3 4 5 7 8 10 | 10.0
Armour         | 3 5 6 8 |  8.6

Vault maps used:
D:1:      scummos_arrival_checkerplants, hangedman_decor_peaks_small
D:2:      uniq_sigmund
D:3:      overflow_temple_1_default, uniq_terence
D:4:      tso_metal_star, gammafunk_temple_overflow_wave, first_bread,
          enter_ossuary_2
D:5:      nicolae_ru_path_of_blood, uniq_duvessa
D:6:      grunt_qazlal_sundering, grunt_gozag_statues,
          minmay_temple_entry_glass, xom_redecorated
D:7:      lemuel_round_altar, tgw_sif, serial_shops, shop_statue,
          elyvilon_altar_4
D:8:      grunt_temple_overflow_growth_and_decay, special_room, uniq_erica,
          uniq_psyche, uniq_joseph
D:9:      nemelex_deck, nicolae_dithmenos_the_darkroom,
          okawaru_altar_gauntlet_db, cheibriados_altar_wand_db,
          minmay_orc_entry_temple_small, grunt_pizzeria, nicolae_two_hexagons,
          uniq_maurice
D:11:     due_lair_maze_entry_diamond
Temple:   corrupted_temple
Ossuary:  ossuary_minmay_four_chambers

Vanquished Creatures
  Erica
  A death knight
  A hill giant
  A deep elf mage
  An ugly thing Maurice
  The ghost of Duffy the Ruffian, a novice VSMo of Cheibriados Psyche Joseph
  A komodo dragon
  3 trolls
  A two-headed ogre Sigmund
  A wraith
  A vampire
  6 yaks
  2 hippogriffs
  A human
  A steam dragon
  2 hungry ghosts
  The ghost of Duffy the Skirmisher, an amateur VSFi
  A water moccasin Duvessa
  3 orc warriors
  A sky beast
  2 black bears
  An ice beast
  An eye of draining
  2 necrophages
  8 ogres
  2 centaurs
  A crocodile
  5 elf zombies
  17 big kobolds
  8 giant frogs
  A gnoll sergeant Dowan
  A scorpion
  4 killer bees
  8 wights
  10 crimson imps
  3 centaur zombies
  2 quasits
  A giant frog zombie
  4 human zombies
  5 orc priests
  A centaur skeleton
  3 giant frog skeletons
  4 hounds
  3 jellies
  An iguana
  12 orc wizards
  9 worker ants Terence
  A hound skeleton
  3 mummies
  A worker ant zombie
  11 gnolls
  17 adders
  A river rat
  2 shadow imps
  2 adder zombies
  An adder skeleton
  2 worms
  4 dart slugs
  A giant gecko
  20 orcs
  A ball python
  7 bats
  6 giant cockroaches
  8 goblins
  5 hobgoblins
  16 jackals
  6 quokkas
  6 giant newts
  23 kobolds
  A quokka zombie
  12 rats
  A fungus
  A plant
316 creatures vanquished.
